 Dungeon Crawl Stone Soup version 0.23-a0-704-g7fdf9c5 (webtiles) character file.

141 galech the Skirmisher (level 5, 41/41 HPs)
             Began as a Demonspawn Fighter on Jan 14, 2019.
             Quit the game on level 4 of the Dungeon.
             The game lasted 00:02:16 (1613 turns).

galech the Skirmisher (Demonspawn Fighter)          Turns: 1613, Time: 00:02:17

Health: 41/41      AC: 11    Str: 17    XL:     5   Next: 3%
Magic:  5/5        EV:  7    Int:  9    God:
Gold:   100        SH:  9    Dex: 13    Spells: 4/4 levels left

rFire    . . .     SeeInvis .   a - +0 war axe
rCold    + . .     Gourm    .   c - +0 shield
rNeg     . . .     Faith    .   b - +0 scale mail
rPois    .         Spirit   .   (helmet restricted)
rElec    .         Reflect  .   u - +0 cloak
rCorr    .         Harm     .   n - +2 pair of gloves
MR       .....                  (no boots)
Stlth    ..........             e - amulet of regeneration
HPRegen  0.53/turn              (no ring)
MPRegen  0.09/turn              (no ring)

@: no status effects
A: antennae 1, hooves 1, cold resistance 1, freezing cloud immunity
a: no special abilities


You were on level 4 of the Dungeon.
You were not hungry.

You visited 1 branch of the dungeon, and saw 4 of its levels.

You collected 100 gold pieces.

Inventory:

Hand Weapons
 a - a +0 war axe (weapon)
Armour
 b - a +0 scale mail (worn)
 c - a +0 shield (worn)
 n - a +2 pair of gloves (worn)
 q - a +0 helmet
 u - a +0 cloak (worn)
Jewellery
 e - an amulet of regeneration (around neck)
Scrolls
 h - 3 scrolls of teleportation {unknown}
 i - 4 scrolls of remove curse {unknown}
 j - 10 scrolls of identify {unknown}
 o - a scroll of blinking {unknown}
 s - 2 scrolls of enchant armour {unknown}
 v - 2 scrolls of fog {unknown}
Potions
 d - a potion of might
 g - a potion of mutation {unknown}
 k - a potion of agility {unknown}
 l - 2 potions of lignification {unknown}
 m - a potion of degeneration {unknown}
 r - 2 potions of curing {unknown}
 t - a potion of flight {unknown}
Comestibles
 f - 4 rations


   Skills:
 + Level 3.6 Fighting
 + Level 3.1 Axes
 + Level 3.3 Armour
 + Level 0.5 Dodging
 + Level 3.3 Shields


You had 4 spell levels left.
You didn't know any spells.
Your spell library was empty.

Dungeon Overview and Level Annotations

Branches:
Dungeon (4/15)
 Temple: D:4-7

Altars:
Cheibriados
Elyvilon
Uskayaw
Vehumet
Xom


Innate Abilities, Weirdness & Mutations

You have a pair of small antennae on your head.
You have large cloven feet.
Your flesh is cold resistant. (rC+)
You are immune to freezing clouds.


Message History

Found a spear.
No target in view!
You now have 93 gold pieces (gained 11).
You now have 100 gold pieces (gained 7).
An adder comes into view.
The adder hisses angrily.
You barely miss the adder. The adder bites you. You block the adder's attack.
You miss the adder. You kick the adder.
The adder is heavily wounded.
You block the adder's attack. The adder bites you but does no damage.
You miss the adder.
The adder is heavily wounded.
You block the adder's attack. The adder bites you but does no damage.
You hit the adder. You kick the adder.
You kill the adder!
You have reached level 5!
Your demonic ancestry asserts itself...
A pair of antennae grows on your head!
Your +0 helmet falls away!
Are you sure you want to abandon this character and quit the game? (Confirm with "yes".)

#. ..# .## ...#
##.... ..## #......
...# .......
#..###....... .
#...#....... .
##@......... .
##........... ..
#...#........ ..
#..#...#...##....
.... #.....##..##
... .... #...##...#
#...# #..##...##
....
####.......####. .#
...................


There were no monsters in sight!

Vanquished Creatures
  A worker ant (D:4)
  4 adders
  A shadow imp (D:3)
  A worm (D:2)
  2 dart slugs (D:1)
  A leopard gecko (D:3)
  An orc (D:3)
  A ball python (D:3)
  2 giant cockroaches
  8 hobgoblins
  6 jackals
  8 kobolds
  2 quokkas (D:3)
  9 bats
  3 frilled lizards
  6 goblins
  9 rats
65 creatures vanquished.

Notes
Turn   | Place    | Note
-------+----------+-------------------------------------------
     0 | D:1      | galech the Demonspawn Fighter began the quest for the Orb.
     0 | D:1      | Reached XP level 1. HP: 18/18 MP: 1/1
    45 | D:1      | Gained mutation: You have large cloven feet. [demonic
                  | ancestry]
    45 | D:1      | Reached XP level 2. HP: 20/24 MP: 2/2
   694 | D:2      | Gained mutation: Your flesh is cold resistant. (rC+)
                  | [demonic ancestry]
   694 | D:2      | Reached XP level 3. HP: 27/29 MP: 3/3
   998 | D:2      | Found a snail-covered altar of Cheibriados.
  1000 | D:2      | Found an ornate altar of the Wu Jian Council.
  1000 | D:2      | Found a shimmering altar of Xom.
  1002 | D:2      | Found a radiant altar of Vehumet.
  1002 | D:2      | Found a white marble altar of Elyvilon.
  1002 | D:2      | Found a shimmering altar of Xom.
  1142 | D:3      | Gained mutation: You are immune to freezing clouds.
                  | [demonic ancestry]
  1142 | D:3      | Reached XP level 4. HP: 33/35 MP: 4/4
  1298 | D:3      | Found a hide-covered altar of Uskayaw.
  1612 | D:4      | Gained mutation: You have a pair of small antennae on your
                  | head. [demonic ancestry]
  1612 | D:4      | Reached XP level 5. HP: 40/41 MP: 5/5
  1613 | D:4      | Quit the game

Vault maps used:
D:1:      lightli_arrival_chessboard
D:2:      doesnt_xom_only_xom
D:3:      lemuel_doored_altar
D:4:      minmay_temple_entry_mist, chequers_serial_rivers_small_3,
          hangedman_decor_growths, nicolae_gozag_seed_capital

Skill      XL: |  1  2  3  4 |
---------------+-------------+-----
Axes           | 2 3 |  3.1
Shields        | 3 |  3.3
Armour         | 3 |  3.3
Fighting       | |  3.6
Dodging        | |  0.5

Action                   |  1- 3 |  4- 6 || total
-------------------------+-------+-------++-------
Melee: War axe           |   103 |    53 ||   156
       Kick              |    23 |     9 ||    32
  Eat: Chunk             |     1 |     2 ||     3
Armor: Scale mail        |    64 |    31 ||    95
Dodge: Dodged            |    35 |    10 ||    45
Block: Shield            |    59 |    29 ||    88

Table legend:
 A = Non-vault XP
 B = Vault XP
 C = Vault XP percentage of total XP
 D = Non-vault monster count
 E = Vault monster count
 F = Vault count percentage of total count
                 A         B        C        D         E       F
            +---------+---------+-------+---------+---------+-------
      Total |     202 |       0 |   0.0 |      65 |       0 |   0.0
            +---------+---------+-------+---------+---------+-------
        D:1 |      37 |       0 |   0.0 |      20 |       0 |   0.0
        D:2 |      57 |       0 |   0.0 |      19 |       0 |   0.0
        D:3 |      57 |       0 |   0.0 |      23 |       0 |   0.0
        D:4 |      51 |       0 |   0.0 |       3 |       0 |   0.0
            +---------+---------+-------+---------+---------+-------
